[Event "Titled Tuesday Blitz November 30 2021"]
[White "Pourkashiyan, Atousa"]
[Black "Nakamura, Hikaru"]
[WhiteFideId "12502014"]
[BlackFideId "2016192"]
[WhiteElo "2285"]
[BlackElo "2884"]
[Result "0-1"]
[Round "01"]
[TimeControl "180+1"]
[Date "2021.11.30"]
[WhiteClock "0:00:03"]
[BlackClock "0:02:03"]

1. e4 c5 2. Nf3 d6 3. d4 cxd4 4. Nxd4 Nf6 5. Nc3 g6 6. Be2 Bg7 7. O-O O-O 8. Be3 a6 9. Qd2 Nc6 10. Rad1 Qc7 11. h3 Bd7 12. f4 Rac8 13. Bf3 b5 14. a3 Na5 15. Be2 Rfe8 16. Nd5 Nxd5 17. exd5 Nc4 18. Bxc4 Qxc4 19. f5 Qxd5 20. fxg6 hxg6 21. c3 e5 22. Nf3 Qxd2 23. Rxd2 Bf8 24. Ne1 f5 25. Nc2 a5 26. Bb6 Ra8 27. Ne3 Be6 28. Nd5 Bxd5 29. Rxd5 Ra6 30. Bf2 Rb8 31. Be1 Kf7 32. g4 Ke6 33. Rd1 d5 34. gxf5+ gxf5 35. Bg3 f4 36. Bf2 Bd6 0-1


[Site "https://www.chess.com"]

[Event "Titled Tuesday Blitz November 30 2021"]
[White "Przybylski, Wojciech"]
[Black "Perez Ponsa, Federico"]
[WhiteFideId "1117599"]
[BlackFideId "117927"]
[WhiteElo "2247"]
[BlackElo "2672"]
[Result "0-1"]
[Round "01"]
[TimeControl "180+1"]
[Date "2021.11.30"]
[WhiteClock "0:00:38"]
[BlackClock "0:00:44"]

1. e4 e5 2. Nf3 Nc6 3. Bb5 a6 4. Ba4 Nf6 5. O-O b5 6. Bb3 Bc5 7. d3 h6 8. a4 Rb8 9. Nbd2 O-O 10. axb5 axb5 11. h3 d6 12. Re1 Ne7 13. Nf1 Ng6 14. Ng3 Re8 15. c3 Bb6 16. d4 c5 17. dxe5 dxe5 18. c4 Be6 19. cxb5 c4 20. Bc2 Qc7 21. Be3 Red8 22. Qc1 Bxe3 23. Rxe3 Rxb5 24. Rc3 Qb6 25. Ra2 Rb8 26. Nd2 Rb4 27. Qa1 Nf4 28. Kf1 Nd7 29. Ne2 Nd3 30. Ra6 Qxf2# 0-1


[Site "https://www.chess.com"]

[Event "Titled Tuesday Blitz November 30 2021"]
[White "Rodchenkov, Sergey D."]
[Black "Svane, Frederik"]
[WhiteFideId "4168712"]
[BlackFideId "12923044"]
[WhiteElo "2306"]
[BlackElo "2459"]
[Result "0-1"]
[Round "01"]
[TimeControl "180+1"]
[Date "2021.11.30"]
[WhiteClock "0:00:16"]
[BlackClock "0:00:29"]

1. e4 c5 2. Nf3 e6 3. d4 cxd4 4. Nxd4 a6 5. Nc3 b5 6. Bd3 Bb7 7. O-O Nc6 8. Nxc6 Bxc6 9. Kh1 Nf6 10. Qe2 d6 11. f4 Be7 12. a3 O-O 13. Be3 Qc7 14. Bd4 e5 15. Be3 Qb7 16. Bd2 Rfe8 17. fxe5 dxe5 18. Bg5 Nd7 19. Qh5 Bxg5 20. Qxg5 Nc5 21. Rf3 Nxe4 22. Nxe4 Bxe4 23. Bxe4 Qxe4 24. Raf1 Ra7 25. h4 Qg6 26. Qe3 Rae7 27. Rh3 f5 28. h5 Qf6 29. Qf3 Rf8 30. Qd5+ Qe6 31. Qc5 h6 32. Re3 f4 33. Rxe5 Qxe5 34. Qxe5 Rxe5 35. Rd1 Rxh5+ 36. Kg1 f3 37. gxf3 Rxf3 38. Rd8+ Rf8 39. Rd7 Rc5 40. Rd6 Rxc2 41. Rd7 Re8 42. Rd6 Re1# 0-1


[Site "https://www.chess.com"]

[Event "Titled Tuesday Blitz November 30 2021"]
[White "Ronka, Erik"]
[Black "Narayanan.S.L"]
[WhiteFideId "505080"]
[BlackFideId "5058422"]
[WhiteElo "2264"]
[BlackElo "2570"]
[Result "0-1"]
[Round "01"]
[TimeControl "180+1"]
[Date "2021.11.30"]
[WhiteClock "0:00:05"]
[BlackClock "0:00:59"]

1. d4 Nf6 2. Nf3 g6 3. g3 Bg7 4. Bg2 O-O 5. O-O d6 6. b3 e5 7. dxe5 dxe5 8. Ba3 Qxd1 9. Rxd1 Re8 10. Bb2 Nc6 11. Nbd2 Bf5 12. Ne1 Rad8 13. Bxc6 bxc6 14. Nc4 Nd5 15. f3 e4 16. Bxg7 Kxg7 17. g4 Bc8 18. Kf2 Ba6 19. Rd4 exf3 20. Nxf3 c5 21. Rd3 Nb6 22. Rxd8 Rxd8 23. Nxb6 axb6 24. a4 Re8 25. e3 Bc8 26. h3 f5 27. g5 Bb7 28. Rd1 Re7 29. Rd8 Be4 30. c3 Bc2 31. b4 cxb4 32. cxb4 Bxa4 33. Nd4 Bd7 34. b5 Kf7 35. h4 Be8 36. Rc8 Kg7 37. Rd8 h6 38. Kf3 hxg5 39. hxg5 Kf7 40. Rc8 Kg7 41. Rd8 Bf7 42. Kf2 Re4 43. Rc8 f4 44. Nc2 Rc4 45. Nd4 Bd5 46. Ne2 fxe3+ 47. Kxe3 Rc5 48. Nd4 Kf7 49. Rd8 Ke7 50. Rh8 Bf7 51. Rh6 Rxg5 52. Rh7 Kf6 53. Nc6 Rxb5 54. Nd8 Re5+ 55. Kd4 c5+ 56. Kc3 Re7 57. Nc6 Rc7 58. Nb8 b5 59. Na6 b4+ 60. Kb2 Rc6 61. Nb8 Rd6 62. Rh2 c4 63. Na6 Rxa6 64. Rf2+ Kg7 65. Kb1 c3 66. Re2 b3 67. Rf2 Rf6 68. Rg2 Rf1# 0-1


[Site "https://www.chess.com"]

[Event "Titled Tuesday Blitz November 30 2021"]
[White "Sanal, Vahap"]
[Black "Tasev, Dejan"]
[WhiteFideId "6300545"]
[BlackFideId "936618"]
[WhiteElo "2499"]
[BlackElo "2253"]
[Result "1-0"]
[Round "01"]
[TimeControl "180+1"]
[Date "2021.11.30"]
[WhiteClock "0:01:47"]
[BlackClock "0:01:40"]

1. e4 c6 2. d3 g6 3. Nf3 Bg7 4. d4 d5 5. Nc3 dxe4 6. Nxe4 Nf6 7. Bd3 O-O 8. c3 Nbd7 9. O-O b6 10. h3 Bb7 11. Bf4 c5 12. Nxf6+ Bxf6 13. Bh6 Re8 14. Bc4 cxd4 15. cxd4 a6 16. a4 e6 17. Re1 b5 18. axb5 axb5 19. Rxa8 Qxa8 20. Bxb5 Bxf3 21. Qxf3 Qxf3 22. gxf3 Rd8 23. Rc1 Bxd4 24. Bxd7 1-0


[Site "https://www.chess.com"]

[Event "Titled Tuesday Blitz November 30 2021"]
[White "Siva Mahadevan"]
[Black "Berezin, Viktor"]
[WhiteFideId "25043153"]
[BlackFideId "14107872"]
[WhiteElo "2203"]
[BlackElo "2310"]
[Result "1-0"]
[Round "01"]
[TimeControl "180+1"]
[Date "2021.11.30"]
[WhiteClock "0:00:28"]
[BlackClock "0:00:18"]

1. e4 d5 2. exd5 Nf6 3. Bb5+ Nbd7 4. Nc3 g6 5. Nge2 Bg7 6. O-O O-O 7. d4 a6 8. Ba4 b5 9. Bb3 Bb7 10. Nf4 Nb6 11. Qf3 b4 12. Na4 Nxa4 13. Bxa4 Nxd5 14. Bb3 e6 15. Nd3 Bxd4 16. Bh6 Bg7 17. Bxg7 Kxg7 18. Nxb4 c5 19. Nxd5 Bxd5 20. Qc3+ Qf6 21. Qxc5 Bxb3 22. axb3 Qxb2 23. Rfb1 Qf6 24. Ra2 Rfc8 25. Qe3 Rc3 26. Qe4 Rac8 27. g3 a5 28. Rd1 Rf3 29. Rd2 Rc5 30. Kg2 Rcf5 31. Qe1 h5 32. Re2 h4 33. Rxa5 h3+ 34. Kxh3 Rxa5 35. Qxa5 Rxf2 36. Rxf2 Qxf2 37. Qc3+ Kh7 38. Qd3 f5 39. b4 Kh6 40. b5 g5 41. g4 f4 42. Qe4 Qh4+ 43. Kg2 Qxg4+ 44. Kf2 Qh4+ 45. Kf1 Qh3+ 46. Ke1 Kh5 47. Qh7+ Kg4 48. Qxh3+ Kxh3 49. Kf2 Kxh2 50. b6 g4 51. b7 g3+ 52. Kf3 g2 53. b8=Q g1=Q 54. Qh8# 1-0


[Site "https://www.chess.com"]

[Event "Titled Tuesday Blitz November 30 2021"]
[White "So, Wesley"]
[Black "Bilan, Danila"]
[WhiteFideId "5202213"]
[BlackFideId "24161918"]
[WhiteElo "2814"]
[BlackElo "2164"]
[Result "1-0"]
[Round "01"]
[TimeControl "180+1"]
[Date "2021.11.30"]
[WhiteClock "0:01:06"]
[BlackClock "0:00:05"]

1. Nf3 d5 2. e3 Nf6 3. c4 c6 4. Nc3 e6 5. d4 Nbd7 6. Be2 Bd6 7. O-O O-O 8. b3 dxc4 9. bxc4 e5 10. Qc2 Qe7 11. Rd1 Re8 12. h3 e4 13. Nd2 Nf8 14. c5 Bc7 15. Ba3 Ng6 16. Nc4 Nh4 17. Nd6 Bxd6 18. cxd6 Qe6 19. Bf1 Nd5 20. Nxd5 cxd5 21. Qc7 Bd7 22. Rab1 Bc6 23. d7 Qxd7 24. Qxd7 Bxd7 25. Rxb7 Be6 26. Bc5 a5 27. a4 Ng6 28. Rdb1 Nf8 29. Kh2 Rec8 30. Bb5 h6 31. g4 Rab8 32. Ba6 Rxb7 33. Rxb7 Ra8 34. Bb5 g6 35. Kg3 g5 36. Ra7 Rxa7 37. Bxa7 Nd7 38. f4 f6 39. f5 1-0


[Site "https://www.chess.com"]

[Event "Titled Tuesday Blitz November 30 2021"]
[White "Sviridov, Valery"]
[Black "Odegov, Artem"]
[WhiteFideId "4120680"]
[BlackFideId "34183644"]
[WhiteElo "2454"]
[BlackElo "2287"]
[Result "1-0"]
[Round "01"]
[TimeControl "180+1"]
[Date "2021.11.30"]
[WhiteClock "0:01:29"]
[BlackClock "0:00:30"]

1. Nf3 d5 2. g3 c6 3. Bg2 Bg4 4. O-O Nd7 5. d4 Ngf6 6. Nbd2 e6 7. Re1 Be7 8. e4 dxe4 9. Nxe4 O-O 10. c3 Nxe4 11. Rxe4 Nf6 12. Re1 Qb6 13. Qb3 Rad8 14. Ne5 Bf5 15. Nc4 Qb5 16. Qxb5 cxb5 17. Ne3 Be4 18. f3 Bc6 19. a3 Rd7 20. Kf2 Rfd8 21. Bf1 a6 22. Be2 Bd6 23. Nc2 h6 24. Nb4 Bd5 25. Nxd5 Nxd5 26. f4 Bc7 27. Bf3 Bb6 28. h4 a5 29. Kg2 b4 30. axb4 axb4 31. c4 Nf6 32. c5 Bc7 33. Be3 Nd5 34. Bxd5 Rxd5 35. Ra7 Rb8 36. Rc1 Bd8 37. Rc4 Bf6 38. Rxb4 Rbd8 39. Raxb7 Bxd4 40. Bxd4 Rxd4 41. Rxd4 Rxd4 42. c6 Rc4 43. c7 Kh7 44. b4 Kg6 45. b5 Kf5 46. b6 Kg4 47. Kf2 Rc2+ 48. Ke3 Kxg3 49. Rb8 Kxh4 50. c8=Q Rxc8 51. Rxc8 g5 52. fxg5 hxg5 53. b7 1-0


[Site "https://www.chess.com"]

[Event "Titled Tuesday Blitz November 30 2021"]
[White "Taboas Rodriguez, Daniel"]
[Black "Sadhwani, Raunak"]
[WhiteFideId "2208466"]
[BlackFideId "35093487"]
[WhiteElo "2429"]
[BlackElo "2517"]
[Result "0-1"]
[Round "01"]
[TimeControl "180+1"]
[Date "2021.11.30"]
[WhiteClock "0:00:05"]
[BlackClock "0:00:03"]

1. d4 Nf6 2. Nf3 g6 3. c4 Bg7 4. Nc3 O-O 5. e4 d6 6. Be2 Nbd7 7. O-O e5 8. Be3 Ng4 9. Bg5 f6 10. Bd2 Nh6 11. d5 Nf7 12. b4 f5 13. Qc2 Nf6 14. Ng5 Nxg5 15. Bxg5 h6 16. Bxf6 Qxf6 17. c5 Qe7 18. Rac1 f4 19. f3 a6 20. cxd6 cxd6 21. Na4 Bd7 22. Nb6 Rab8 23. Qc7 Rfd8 24. Rc3 Bf8 25. Rfc1 h5 26. a4 g5 27. Nxd7 Qxd7 28. Qxd7 Rxd7 29. Rc8 Rxc8 30. Rxc8 Kf7 31. Kf2 Be7 32. g3 Bd8 33. a5 Ke7 34. gxf4 exf4 35. h4 gxh4 36. Kg2 b6 37. axb6 Bxb6 38. Bxa6 Ra7 39. b5 Kf6 40. Kh3 Bf2 41. Rf8+ Ke5 42. Rf5+ Kd4 43. Rxh5 Rg7 44. e5 Rg3+ 45. Kh2 dxe5 46. d6 h3 47. d7 Rg2+ 48. Kxh3 Rg3+ 49. Kh2 Rg8 50. b6 Ke3 51. b7 Kxf3 52. Rh3+ Bg3+ 53. Kh1 e4 54. Rh7 e3 55. Re7 Kf2 56. Rh7 f3 0-1


[Site "https://www.chess.com"]

[Event "Titled Tuesday Blitz November 30 2021"]
[White "Tsydypov, Zhamsaran"]
[Black "Ljukin, Sergei"]
[WhiteFideId "4108566"]
[BlackFideId "14102200"]
[WhiteElo "2614"]
[BlackElo "2311"]
[Result "0-1"]
[Round "01"]
[TimeControl "180+1"]
[Date "2021.11.30"]
[WhiteClock "0:00:11"]
[BlackClock "0:00:10"]

1. d4 d5 2. Nf3 Nf6 3. Bg5 Ne4 4. Bh4 c5 5. c3 Qb6 6. Qc1 Nc6 7. e3 Bf5 8. Nbd2 Rc8 9. Be2 e6 10. O-O Bd6 11. Nb3 O-O 12. h3 h6 13. Nfd2 Nxd2 14. Qxd2 c4 15. Nc1 Qc7 16. f3 b5 17. Bf2 b4 18. Bd1 Rb8 19. Re1 bxc3 20. bxc3 Ba3 21. e4 Bg6 22. Ne2 dxe4 23. Nf4 Bb2 24. Nxg6 fxg6 25. Rb1 Bxc3 26. Qxc3 Rxb1 27. Qxc4 exf3 28. Qxe6+ Kh7 29. Bxf3 Rxe1+ 30. Qxe1 Qd6 31. d5 Ne5 32. Be4 Nd7 33. Qb1 a6 34. Bd4 Kh8 35. Qb2 Nf6 36. Qc1 Kg8 37. Bf3 Nxd5 38. Qc4 Rd8 39. Bb2 Kh7 40. Kh1 Nf4 41. Qc3 Rd7 42. Qe3 Nd3 43. Bc3 Qc5 44. Qe8 Re7 45. Qd8 Qxc3 46. Qxe7 Qa1+ 47. Kh2 Qe5+ 48. Qxe5 Nxe5 49. Kg3 a5 50. Kf4 Nxf3 51. Kxf3 g5 52. a4 Kg6 53. Ke4 g4 54. h4 h5 55. Ke5 Kf7 56. Kd5 g5 57. hxg5 Kg6 58. Kc5 h4 59. Kb5 h3 60. gxh3 gxh3 61. Kxa5 h2 62. Kb6 h1=Q 63. a5 Qa8 64. a6 Kxg5 65. a7 Kf5 66. Ka6 Ke6 67. Kb6 Kd6 68. Ka6 Kd7 0-1


[Site "https://www.chess.com"]

[Event "Titled Tuesday Blitz November 30 2021"]
[White "Van der Werf, Mark"]
[Black "Xiong, Jeffery"]
[WhiteFideId "1000470"]
[BlackFideId "2047640"]
[WhiteElo "2398"]
[BlackElo "2699"]
[Result "0-1"]
[Round "01"]
[TimeControl "180+1"]
[Date "2021.11.30"]
[WhiteClock "0:00:04"]
[BlackClock "0:00:32"]

1. d4 Nf6 2. c4 e6 3. Nc3 Bb4 4. e3 O-O 5. Bd3 d5 6. a3 Bxc3+ 7. bxc3 dxc4 8. Bxc4 c5 9. Nf3 Nc6 10. O-O Qc7 11. Qc2 e5 12. h3 h6 13. Bb5 e4 14. Nd2 Bf5 15. f3 Rfe8 16. fxe4 Bxe4 17. Nxe4 Nxe4 18. Bd3 Nd6 19. Qf2 Na5 20. Rb1 Re6 21. e4 Nxe4 22. Bxe4 Rxe4 23. dxc5 Rae8 24. Bf4 Qd7 25. Bd6 Re2 26. Qg3 R8e3 27. Rf3 Qe6 28. Rbf1 Nc4 29. Qf4 Rxf3 30. Rxf3 Nd2 31. Rf2 g5 32. Rxe2 Qxe2 33. Qf5 Qe1+ 34. Kh2 Nf1+ 35. Kg1 Ne3+ 0-1


[Site "https://www.chess.com"]

[Event "Titled Tuesday Blitz November 30 2021"]
[White "Villalba, Marcelo"]
[Black "Jobava, Baadur"]
[WhiteFideId "3701859"]
[BlackFideId "13601520"]
[WhiteElo "2241"]
[BlackElo "2731"]
[Result "1-0"]
[Round "01"]
[TimeControl "180+1"]
[Date "2021.11.30"]
[WhiteClock "0:00:13"]
[BlackClock "0:01:36"]

1. e4 e6 2. d4 d5 3. Nd2 dxe4 4. Nxe4 Bd7 5. c4 Nf6 6. Nxf6+ Qxf6 7. Nf3 Bb4+ 8. Bd2 Bxd2+ 9. Qxd2 Nc6 10. Be2 O-O 11. O-O Rfd8 12. Rad1 h6 13. Qe3 Ne7 14. Qe5 Qxe5 15. Nxe5 Ba4 16. b3 Be8 17. Rd2 a5 18. a3 f6 19. Nf3 b6 20. Rfd1 g5 21. d5 exd5 22. cxd5 Bf7 23. d6 cxd6 24. Rxd6 Nd5 25. Rxd8+ Rxd8 26. Bc4 Kf8 27. Nd4 Nc3 28. Ne6+ Bxe6 29. Rxd8+ Ke7 30. Rb8 b5 31. Bxb5 Bxb3 32. Bd3 a4 33. Kf1 Nd5 34. Ke1 Nf4 35. Bf1 h5 36. g3 Ne6 37. Kd2 Nd4 38. Be2 h4 39. Bd1 h3 40. Rb4 Nc6 41. Bxb3 axb3 42. Rxb3 g4 43. a4 f5 44. Ke3 Ne5 45. Kf4 Nc6 46. Rd3 Ke6 47. Rc3 Nd4 48. Ke3 Nf3 49. a5 Nxh2 50. Ke2 f4 51. gxf4 Kf5 52. a6 Kxf4 53. a7 Nf3 54. a8=Q h2 55. Qf8+ Kg5 56. Rc5+ Kg6 57. Qd6+ 1-0


[Site "https://www.chess.com"]

[Event "Titled Tuesday Blitz November 30 2021"]
[White "Volkov, Maksim"]
[Black "Svane, Rasmus"]
[WhiteFideId "54123070"]
[BlackFideId "4657101"]
[WhiteElo "2113"]
[BlackElo "2643"]
[Result "1/2-1/2"]
[Round "01"]
[TimeControl "180+1"]
[Date "2021.11.30"]
[WhiteClock "0:00:04"]
[BlackClock "0:00:09"]

1. d4 d5 2. c4 e6 3. g3 a6 4. cxd5 exd5 5. Nf3 Nf6 6. Bg2 Bd6 7. O-O O-O 8. Nc3 c6 9. Bf4 Re8 10. Bxd6 Qxd6 11. Ne5 Bf5 12. a3 Nbd7 13. Nd3 h6 14. Rc1 Re7 15. e3 Rae8 16. b4 Bxd3 17. Qxd3 Nb6 18. Nb1 Nc4 19. Nd2 b5 20. Nb3 g6 21. Nc5 a5 22. bxa5 Nxa5 23. a4 bxa4 24. Nxa4 h5 25. h4 Ng4 26. Rfe1 Qf6 27. Rc2 Kg7 28. Nc5 Nc4 29. e4 Nd6 30. e5 Qf5 31. Bf1 Nh6 32. Qe3 Ng4 33. Qb3 Qc8 34. exd6 Rxe1 35. d7 Qa8 36. dxe8=Q Qxe8 37. Qd3 Ra1 38. Re2 Qb8 39. Rd2 Qd6 40. Rd1 Ra2 41. Rd2 Ra1 42. Kg2 Qf6 43. Nb3 Rd1 44. Qe2 Rb1 45. Rb2 Rxb2 46. Qxb2 Qf5 47. Qd2 Qe4+ 48. f3 Ne3+ 49. Kf2 Nxf1 50. fxe4 Nxd2 51. Nxd2 Kf6 52. exd5 cxd5 53. Kf3 Kf5 54. Nb1 f6 55. Nc3 Ke6 56. Ke3 Kd6 57. Kd3 Ke6 58. Ne2 g5 59. Ke3 Kf5 60. Kf3 Ke6 61. Ng1 Kf5 62. Ne2 Ke6 63. Nc3 Kd6 64. Nb5+ Ke6 65. Nc7+ Kd6 66. Ne8+ Ke7 67. Ng7 Kf7 68. Nxh5 Kg6 69. g4 gxh4 70. Nf4+ Kg5 71. Nxd5 h3 72. Kg3 h2 73. Kxh2 Kxg4 74. Nxf6+ Kf5 75. Nd7 Ke4 1/2-1/2


[Site "https://www.chess.com"]

[Event "Titled Tuesday Blitz November 30 2021"]
[White "Yilmaz, Mustafa"]
[Black "Atanasov, Anthony"]
[WhiteFideId "6302718"]
[BlackFideId "2623897"]
[WhiteElo "2518"]
[BlackElo "1928"]
[Result "1-0"]
[Round "01"]
[TimeControl "180+1"]
[Date "2021.11.30"]
[WhiteClock "0:00:21"]
[BlackClock "0:00:01"]

1. c4 Nf6 2. Nc3 d5 3. cxd5 Nxd5 4. g3 g6 5. Bg2 Nb6 6. h4 Bg7 7. h5 e5 8. d3 Nc6 9. Bxc6+ bxc6 10. Nf3 Be6 11. Ng5 Bf5 12. Qb3 Qe7 13. Be3 h6 14. Nge4 Be6 15. Qc2 Nd5 16. Bc5 Qd7 17. hxg6 fxg6 18. Ba3 Qf7 19. Na4 Bd7 20. Nac5 Bf8 21. Rc1 Bf5 22. Ng5 Qf6 23. Nce4 Bxe4 24. Nxe4 Qe6 25. Bxf8 Kxf8 26. Qxc6 Qxc6 27. Rxc6 Rb8 28. b3 Rb6 29. Rc5 c6 30. Ra5 a6 31. Kd2 Ke7 32. Nc3 Nxc3 33. Kxc3 Ke6 34. Rh4 Rf8 35. f3 h5 36. Re4 Rf5 37. f4 Rb5 38. Rxa6 Rc5+ 39. Kd2 Kf6 40. b4 Rb5 41. Rxc6+ Kf7 42. a4 Rd5 43. b5 exf4 44. gxf4 h4 45. Rc7+ Kf6 46. Rce7 Rh5 47. R4e6+ Kf5 48. e4+ Kg4 49. exd5 h3 50. d6 h2 51. Re1 Kg3 52. d7 Kg2 53. R7e2+ Kg3 54. d8=Q h1=Q 55. Rxh1 g5 56. Rxh5 g4 57. Qh4+ Kf3 58. Qf2# 1-0


[Site "https://www.chess.com"]

[Event "Titled Tuesday Blitz November 30 2021"]
[White "Zhigalko, Sergei"]
[Black "Zlatin, Alexander"]
[WhiteFideId "13502956"]
[BlackFideId "2810549"]
[WhiteElo "2662"]
[BlackElo "2228"]
[Result "1-0"]
[Round "01"]
[TimeControl "180+1"]
[Date "2021.11.30"]
[WhiteClock "0:00:06"]
[BlackClock "0:00:04"]

1. e4 e5 2. Nf3 Nc6 3. Bc4 Bc5 4. b4 Bb6 5. a4 a5 6. b5 Nd4 7. O-O Nxf3+ 8. Qxf3 Qf6 9. Qg3 Ne7 10. d3 h6 11. Be3 Ng6 12. Nc3 Nf4 13. Kh1 O-O 14. Rae1 Ba7 15. Nd5 Nxd5 16. Bxd5 c6 17. Bc4 cxb5 18. Bxb5 d6 19. Bd2 Qg6 20. Qh4 Qg4 21. Qe7 Qe6 22. Qc7 Bb8 23. Qc3 Bd7 24. Bc4 Qg6 25. f4 exf4 26. Qb3 Be6 27. Bxe6 Qxe6 28. Qxb7 Ra7 29. Qb5 Rc8 30. c4 Bc7 31. Bxf4 Rb8 32. Qh5 Rab7 33. h3 Rb2 34. c5 Ra2 35. cxd6 Bd8 36. Rb1 Rbb2 37. Rxb2 Rxb2 38. Qf5 Bf6 39. Qxe6 fxe6 40. e5 Bd8 41. Rc1 Rb8 42. Be3 g5 43. Rc6 Kf8 44. g4 Rb1+ 45. Kg2 Rb2+ 46. Kf3 Rb8 47. Ra6 Ke8 48. Ra7 Rc8 49. Ke4 Rb8 50. Rh7 Kf8 51. Rxh6 Kg7 52. Rxe6 Bb6 53. Bxb6 Rxb6 54. d7 Rb4+ 55. d4 Rb1 56. d8=Q Re1+ 57. Kd5 Rf1 58. Qxg5+ Kf7 59. Rf6+ Ke7 60. Qg7+ Ke8 61. Rxf1 Kd8 62. Rf8# 1-0


[Site "https://www.chess.com"]

[Event "Titled Tuesday Blitz November 30 2021"]
[White "Aldokhin, Ivan"]
[Black "Babazada, Khazar"]
[WhiteFideId "24115720"]
[BlackFideId "13413554"]
[WhiteElo "2231"]
[BlackElo "2302"]
[Result "1/2-1/2"]
[Round "02"]
[TimeControl "180+1"]
[Date "2021.11.30"]
[WhiteClock "0:00:04"]
[BlackClock "0:00:18"]

1. e4 c5 2. Nf3 Nc6 3. d4 cxd4 4. Nxd4 Nf6 5. Nc3 e5 6. Ndb5 d6 7. Nd5 Nxd5 8. exd5 Nb8 9. c4 Be7 10. Be2 O-O 11. O-O a6 12. Nc3 Bf5 13. b4 Nd7 14. a4 a5 15. bxa5 Qxa5 16. Nb5 Rfc8 17. f4 exf4 18. Bxf4 Be4 19. Kh1 Ra6 20. Bg4 f5 21. Bd2 Qd8 22. Bxf5 Bxf5 23. Rxf5 Rxc4 24. a5 Ne5 25. Qb3 Re4 26. Rc1 Qd7 27. Rff1 Bd8 28. Bc3 Bg5 29. Rce1 Rxe1 30. Rxe1 Nd3 31. Rf1 Nc5 32. Qc4 Ra8 33. Nd4 Qg4 34. h3 Qe4 35. Re1 Qd3 36. Qxd3 Nxd3 37. Rb1 Bf6 38. Rxb7 Rc8 39. Nc6 Ra8 40. Bxf6 gxf6 41. Kh2 Nf4 42. Rb8+ Rxb8 43. Nxb8 Nxd5 44. a6 Kf7 45. a7 Nb6 46. Nd7 Na8 47. Kg3 Ke6 48. Nf8+ Kf7 49. Nxh7 Kg7 50. Kf4 Kxh7 51. Kf5 d5 52. Kf4 Kh6 53. Ke3 Kg5 54. Kd4 Nc7 55. g3 Nb5+ 56. Kxd5 Nxa7 57. Ke4 Nc8 58. g4 Nd6+ 59. Kf3 Nc4 60. Kg3 Nd2 61. h4+ Kg6 62. Kf4 Nc4 63. g5 1/2-1/2


[Site "https://www.chess.com"]

[Event "Titled Tuesday Blitz November 30 2021"]
[White "Alexiadis, Hristos"]
[Black "Zhigalko, Sergei"]
[WhiteFideId "4249623"]
[BlackFideId "13502956"]
[WhiteElo "2406"]
[BlackElo "2662"]
[Result "0-1"]
[Round "02"]
[TimeControl "180+1"]
[Date "2021.11.30"]
[WhiteClock "0:00:06"]
[BlackClock "0:00:16"]

1. d4 Nf6 2. Nf3 e6 3. Bg5 h6 4. Bh4 b6 5. Nbd2 Bb7 6. c3 Be7 7. Bxf6 Bxf6 8. e4 d6 9. Bd3 Nd7 10. Qe2 e5 11. dxe5 Bxe5 12. O-O O-O 13. Nc4 Bf6 14. Qc2 Nc5 15. Rfe1 Nxd3 16. Qxd3 Re8 17. a4 d5 18. exd5 Qxd5 19. Rxe8+ Rxe8 20. Qxd5 Bxd5 21. Ne3 Be4 22. Rd1 Bc6 23. a5 bxa5 24. Nd4 Bd7 25. Nf3 Bc6 26. Nd4 Be4 27. Ra1 Rb8 28. f3 Bd3 29. Rxa5 Rxb2 30. Rxa7 c5 31. Ndf5 Bxc3 32. h4 c4 33. Ra8+ Kh7 34. Rc8 Be5 35. h5 c3 0-1


[Site "https://www.chess.com"]

[Event "Titled Tuesday Blitz November 30 2021"]
[White "Al-Tarboush, Ward"]
[Black "Abdrlauf, Elham"]
[WhiteFideId "7601450"]
[BlackFideId "1533533"]
[WhiteElo "2276"]
[BlackElo "2362"]
[Result "1/2-1/2"]
[Round "02"]
[TimeControl "180+1"]
[Date "2021.11.30"]
[WhiteClock "0:00:06"]
[BlackClock "0:00:01"]

1. d4 Nf6 2. Nf3 c5 3. c3 g6 4. Nbd2 Bg7 5. e4 cxd4 6. cxd4 O-O 7. e5 Ne8 8. Bc4 d6 9. O-O Nc6 10. Re1 Bg4 11. Qa4 Nc7 12. h3 Bd7 13. Qd1 dxe5 14. dxe5 Be6 15. Qe2 Nd4 16. Nxd4 Qxd4 17. Bxe6 Nxe6 18. Nf3 Qb4 19. a3 Qb3 20. Be3 Rfd8 21. Rac1 b6 22. Rc3 Qd5 23. Bc1 Rac8 24. Rxc8 Rxc8 25. Rd1 Qc6 26. Be3 Qc2 27. Qxc2 Rxc2 28. Rd2 Rxd2 29. Bxd2 Nc5 30. b4 Nd3 31. Bc3 b5 32. g3 Bh6 33. Nd4 a6 34. Nc6 Bc1 35. Nxe7+ Kf8 36. Nd5 Bxa3 37. Kf1 Bb2 38. Bxb2 Nxb2 39. Ke2 Nc4 40. f4 a5 41. bxa5 Nxa5 42. Kd3 Nc6 43. Kc3 h5 44. Nc7 Ne7 45. g4 hxg4 46. hxg4 Nc6 47. Nxb5 g5 48. Nd4 Ne7 49. f5 Nd5+ 50. Kd3 Ke7 51. Nf3 f6 52. e6 Nc7 53. Nd4 Kd6 54. Ke4 Nd5 55. Nb5+ Kc6 56. Na7+ Kc5 57. Nc8 Nc3+ 58. Kd3 Nd5 59. e7 Nc7 60. Ke4 Kc6 61. Kd4 Kd7 62. Nb6+ Kxe7 63. Kc5 Na6+ 64. Kc4 Nc7 65. Nd5+ Nxd5 66. Kxd5 Kd7 67. Kc5 Kc7 68. Kd5 Kd7 69. Kc5 Kc7 70. Kd5 Kd7 1/2-1/2


[Site "https://www.chess.com"]

[Event "Titled Tuesday Blitz November 30 2021"]
[White "Atakhan, Abtin"]
[Black "Pichot, Alan"]
[WhiteFideId "22502203"]
[BlackFideId "110973"]
[WhiteElo "2119"]
[BlackElo "2600"]
[Result "1-0"]
[Round "02"]
[TimeControl "180+1"]
[Date "2021.11.30"]
[WhiteClock "0:01:12"]
[BlackClock "0:00:03"]

1. e4 c5 2. Nf3 e6 3. c3 Nf6 4. e5 Nd5 5. g3 Nc6 6. Bg2 d6 7. exd6 Bxd6 8. O-O O-O 9. d4 Bd7 10. dxc5 Bxc5 11. c4 Nf6 12. Nc3 h6 13. a3 Rc8 14. b4 Be7 15. Bb2 Qc7 16. Nb5 Qb8 17. Qe2 Rfd8 18. Rfd1 a6 19. Nc3 Be8 20. Ne4 Rxd1+ 21. Rxd1 Nxe4 22. Qxe4 Rd8 23. Re1 Qd6 24. Qg4 Bf8 25. Qe4 Qd3 26. h4 Qxe4 27. Rxe4 Rd3 28. Re3 Rxe3 29. fxe3 f6 30. Nd4 Nd8 31. c5 Bd7 32. Bc3 e5 33. Bd5+ Kh7 34. Nb3 g5 35. Na5 Bc8 36. e4 Kg6 37. Bd2 Kh5 38. hxg5 hxg5 39. Kf2 Kg4 40. Be3 Be7 41. a4 f5 42. exf5 Kxf5 43. b5 axb5 44. axb5 e4 45. Bd4 Ne6 46. Bxe6+ Kxe6 47. c6 bxc6 48. Nxc6 Bd6 49. Be3 g4 50. b6 Kd5 51. Na5 Ba6 52. b7 Bc7 53. Bf4 Bb6+ 54. Kg2 Bxb7 55. Nxb7 e3 56. Kf1 Kc6 57. Nd6 Bc7 58. Nf5 Bxf4 59. gxf4 Kd5 60. Ng3 Kd4 61. Ke2 1-0


[Site "https://www.chess.com"]

[Event "Titled Tuesday Blitz November 30 2021"]
[White "Barria Zuniga, Daniel"]
[Black "Makarian, Rudik"]
[WhiteFideId "3400816"]
[BlackFideId "44105681"]
[WhiteElo "2414"]
[BlackElo "2486"]
[Result "0-1"]
[Round "02"]
[TimeControl "180+1"]
[Date "2021.11.30"]
[WhiteClock "0:00:01"]
[BlackClock "0:00:03"]

1. d4 Nf6 2. c4 e6 3. Nf3 c5 4. d5 d6 5. Nc3 exd5 6. cxd5 g6 7. h3 Bg7 8. e4 O-O 9. Bd3 Re8 10. O-O Nbd7 11. Re1 Ne5 12. Nxe5 Rxe5 13. f4 Re8 14. Qf3 Nd7 15. Be3 a6 16. a4 Rb8 17. Bf2 Qa5 18. Re2 b5 19. Be1 b4 20. Nd1 Qc7 21. Ne3 c4 22. Nxc4 Nc5 23. e5 Nb3 24. Rd1 Nd4 25. Qe3 Nxe2+ 26. Bxe2 Bf5 27. g4 Bc2 28. Rc1 b3 29. Ba5 Qd7 30. Qd4 Qxa4 31. Bc7 dxe5 32. fxe5 Rbc8 33. d6 Bxe5 34. Qc5 Bf4 35. Rf1 Rxe2 36. Qd5 Qd7 37. Nb6 Be4 38. Qxe4 Rxe4 39. Nxd7 Bg5 0-1


[Site "https://www.chess.com"]

[Event "Titled Tuesday Blitz November 30 2021"]
[White "Bartel, Michal"]
[Black "Sychev, Klementy"]
[WhiteFideId "1119257"]
[BlackFideId "4114060"]
[WhiteElo "2211"]
[BlackElo "2615"]
[Result "0-1"]
[Round "02"]
[TimeControl "180+1"]
[Date "2021.11.30"]
[WhiteClock "0:01:10"]
[BlackClock "0:00:22"]

1. e4 Nc6 2. g3 d5 3. exd5 Qxd5 4. Qf3 Qe5+ 5. Qe3 Bf5 6. Qxe5 Nxe5 7. d4 Nc6 8. c3 Be4 9. f3 Bg6 10. Bb5 e6 11. Be3 Bd6 12. Bxc6+ bxc6 13. Nd2 Rb8 14. b4 Ne7 15. Ne4 Nd5 16. Bd2 Nb6 17. Ne2 Nc4 18. Bf4 O-O 19. Kf2 Rfe8 20. Bxd6 cxd6 21. Nf4 Bxe4 22. fxe4 e5 23. Ne2 Rbc8 24. Kf3 exd4 25. Nxd4 Nd2+ 26. Ke3 Nxe4 27. Rag1 Nxg3+ 0-1


[Site "https://www.chess.com"]